PCL
LAS VEGAS STARS @ SAN JOSE MISSIONS
06/01/2027
 
TOP OF THE 1ST
Las Vegas Stars batting - Pitching for San Jose Missions : RHP Al Bernhardt
Pitching: RHP Al Bernhardt
Batting: LHB Fernando De La Cruz 0-0: Foul Ball, location: 2F
0-1: Foul Ball, location: 2F
0-2: Foul Ball, location: 2F
0-2: Ball
1-2: Foul Ball, location: 2F
1-2: Ball
2-2: Ball
3-2: Ground out U3 (Groundball, 34)
Batting: LHB Joaquín González 0-0: Called Strike
0-1: Ball
1-1: Foul Ball, location: 2F
1-2: Ball
2-2: Ball
3-2: Base on Balls
Batting: RHB Brian George 0-0: Called Strike
0-1: Ball
Joaquín González steals 2nd base
1-1: Fly out, F9 (Flyball, 9LS)
Batting: SHB Héctor Barajas 0-0: Foul Ball, location: 2F
0-1: Swinging Strike
0-2: Ball
1-2: Strikes out swinging
Top of the 1st over - 0 run(s), 0 hit(s), 0 error(s), 1 left on base; Las Vegas 0 - San Jose 0
BOTTOM OF THE 1ST
San Jose Missions batting - Pitching for Las Vegas Stars : RHP Javier Valenzuela
Pitching: RHP Javier Valenzuela
Batting: RHB Jorge Fuentes 0-0: Ball
1-0: SINGLE (Groundball, 6) (infield hit)
Batting: RHB Ed Starr 0-0: Called Strike
0-1: Foul Ball, location: 2F
0-2: Ball
1-2: Ball
2-2: Foul Ball, location: 2F
2-2: Ball
3-2: Foul Ball, location: 2F
3-2: Base on Balls
Jorge Fuentes to second
Batting: RHB Dale Taylor 0-0: Ball
1-0: Ball
2-0: SINGLE (Flyball, 8LS)
Jorge Fuentes to third
Ed Starr to second
Batting: RHB Bob Orr 0-0: Foul Ball, location: 2F
0-1: Ball
1-1: Called Strike
1-2: Fielders Choice at 2nd, 4-6 (Groundball, 4)
Jorge Fuentes scores
Ed Starr to third
Batting: LHB Miguel Montés 0-0: Foul Ball, location: 2F
0-1: Ball
1-1: Swinging Strike
1-2: Fielders Choice at 2nd, 4-6 (Groundball, 4D)
Ed Starr scores
Batting: RHB Chang-geun Kim 0-0: Called Strike
0-1: Ball
1-1: Ball
2-1: Ball
3-1: Base on Balls
Miguel Montés to second
Batting: RHB Armando López 0-0: DOUBLE (Line Drive, 89XD)
Miguel Montés scores
Chang-geun Kim to third
Runner from 3rd tries for Home, SAFE, no throw
Batting: RHB Glenn Johnson 0-0: Ball
1-0: Fly out, F4 (Popup, 3D)
Bottom of the 1st over - 4 run(s), 3 hit(s), 0 error(s), 1 left on base; Las Vegas 0 - San Jose 4
TOP OF THE 2ND
Las Vegas Stars batting - Pitching for San Jose Missions : RHP Al Bernhardt
Batting: RHB Reginaldo Jaconelli 0-0: Called Strike
0-1: Ball
1-1: Foul Ball, location: 2F
1-2: Ground out 3-1 (Groundball, 2R)
Batting: LHB William Wolf 0-0: Ball
1-0: Swinging Strike
1-1: Ball
2-1: Ball
3-1: Ground out 6-3 (Groundball, 56)
Batting: RHB Zack Flint 0-0: Ball
1-0: Ball
2-0: Ball
3-0: Called Strike
3-1: Ground out 6-3 (Groundball, 6)
Top of the 2nd over - 0 run(s), 0 hit(s), 0 error(s), 0 left on base; Las Vegas 0 - San Jose 4
BOTTOM OF THE 2ND
San Jose Missions batting - Pitching for Las Vegas Stars : RHP Javier Valenzuela
Batting: LHB Wilson Vecino 0-0: Ball
1-0: Called Strike
1-1: Ground out 4-3 (Groundball, 4)
Batting: RHB Jorge Fuentes 0-0: Ball
1-0: Called Strike
1-1: Foul Ball, location: 2F
1-2: Strikes out swinging
Batting: RHB Ed Starr 0-0: Called Strike
0-1: Foul Ball, location: 2F
0-2: Ball
1-2: Ground out 4-3 (Groundball, 4)
Bottom of the 2nd over - 0 run(s), 0 hit(s), 0 error(s), 0 left on base; Las Vegas 0 - San Jose 4
TOP OF THE 3RD
Las Vegas Stars batting - Pitching for San Jose Missions : RHP Al Bernhardt
Batting: LHB Paco Rivera 0-0: Foul Ball, location: 2F
0-1: DOUBLE (Line Drive, 7D)
Batting: RHB Juan Valverde 0-0: Ball
1-0: Ball
2-0: Ball
3-0: Base on Balls
Batting: LHB Fernando De La Cruz 0-0: Ball
1-0: Called Strike
1-1: Ball
2-1: Swinging Strike
2-2: Ball
3-2: Base on Balls
Paco Rivera to third
Juan Valverde to second
Batting: LHB Joaquín González 0-0: Ball
1-0: SINGLE (Groundball, 34D)
Paco Rivera scores
Juan Valverde to third
Fernando De La Cruz to second
Batting: RHB Brian George 0-0: Foul Ball, location: 2F
0-1: Ball
1-1: Ball
2-1: Foul Ball, location: 2F
2-2: Strikes out swinging
Batting: SHB Héctor Barajas 0-0: Swinging Strike
0-1: Foul Ball, location: 2F
0-2: Foul Ball, location: 2F
0-2: Strikes out looking
Batting: RHB Reginaldo Jaconelli 0-0: Called Strike
0-1: Called Strike
0-2: Foul Ball, location: 2F
0-2: Hit by Pitch
Juan Valverde scores
Fernando De La Cruz to third
Joaquín González to second
Batting: LHB William Wolf 0-0: Called Strike
0-1: Swinging Strike
0-2: Strikes out looking
Top of the 3rd over - 2 run(s), 2 hit(s), 0 error(s), 3 left on base; Las Vegas 2 - San Jose 4
BOTTOM OF THE 3RD
San Jose Missions batting - Pitching for Las Vegas Stars : RHP Javier Valenzuela
Batting: RHB Dale Taylor 0-0: Called Strike
0-1: Fly out, F9 (Flyball, 9S)
Batting: RHB Bob Orr 0-0: Swinging Strike
0-1: Ball
1-1: Ball
2-1: Ball
3-1: Foul Ball, location: 2F
3-2: Ground out 4-3 (Groundball, 4)
Batting: LHB Miguel Montés 0-0: Ball
1-0: Called Strike
1-1: Ball
2-1: Swinging Strike
2-2: Ball
3-2: Foul Ball, location: 2F
3-2: Foul Ball, location: 2F
3-2: SINGLE (Flyball, 7S)
Batting: RHB Chang-geun Kim 0-0: Foul Ball, location: 2F
0-1: Foul Ball, location: 2F
0-2: Ball
1-2: Foul Ball, location: 2F
1-2: Fly out, F4 (Popup, 3D)
Bottom of the 3rd over - 0 run(s), 1 hit(s), 0 error(s), 1 left on base; Las Vegas 2 - San Jose 4
TOP OF THE 4TH
Las Vegas Stars batting - Pitching for San Jose Missions : RHP Al Bernhardt
Batting: RHB Zack Flint 0-0: Ball
1-0: Ball
2-0: Foul Ball, location: 2F
2-1: Ball
3-1: Base on Balls
Batting: LHB Paco Rivera 0-0: Ball
1-0: Called Strike
1-1: Called Strike
1-2: Reached on error, E4 (Groundball, 4)
Zack Flint to second
Batting: RHB Juan Valverde 0-0: Ball
1-0: Ball
2-0: Ball
3-0: Base on Balls
Zack Flint to third
Paco Rivera to second
Batting: LHB Fernando De La Cruz 0-0: Foul Ball, location: 2F
0-1: Foul Ball, location: 2F
0-2: Ball
1-2: Fly out, F8 (Flyball, 8RS)
Batting: LHB Joaquín González 0-0: Ball
1-0: Ball
2-0: Ball
3-0: Called Strike
3-1: Foul Ball, location: 2F
3-2: SINGLE (Groundball, 34D)
Zack Flint scores
Paco Rivera to third
Juan Valverde to second
Runner from 3rd tries for Home, SAFE, no throw
Batting: RHB Brian George 0-0: Foul Ball, location: 2F
0-1: Ball
1-1: Ball
2-1: Ball
3-1: Foul Ball, location: 2F
3-2: Base on Balls
Juan Valverde to third
Joaquín González to second
Batting: SHB Héctor Barajas 0-0: Called Strike
0-1: Ball
1-1: Fly out, F8 (Flyball, 8LD)
Runner from 3rd tags up, SCORES, throw made
Batting: RHB Reginaldo Jaconelli 0-0: Ball
1-0: Called Strike
1-1: Ball
2-1: Swinging Strike
2-2: 3-RUN HOME RUN (Flyball, 7D), Distance : 394 ft
Pitching: RHP Micheal Wood
Batting: LHB William Wolf 0-0: Called Strike
0-1: Ball
1-1: Called Strike
1-2: SINGLE (Groundball, 4MD)
Batting: RHB Zack Flint 0-0: Called Strike
0-1: Ball
1-1: Foul Ball, location: 2F
1-2: Strikes out swinging
Top of the 4th over - 6 run(s), 3 hit(s), 1 error(s), 1 left on base; Las Vegas 8 - San Jose 4
BOTTOM OF THE 4TH
San Jose Missions batting - Pitching for Las Vegas Stars : RHP Javier Valenzuela
Batting: RHB Armando López 0-0: Swinging Strike
0-1: Ball
1-1: Swinging Strike
1-2: Ball
2-2: Ball
3-2: Foul Ball, location: 2F
3-2: Foul Ball, location: 2F
3-2: Foul Ball, location: 2F
3-2: Base on Balls
Batting: RHB Glenn Johnson 0-0: Ball
1-0: Called Strike
1-1: SINGLE (Flyball, 8LS)
Armando López to second
Batting: LHB Wilson Vecino 0-0: Ball
1-0: Called Strike
1-1: Ball
2-1: Ball
3-1: Grounds into double play, 4-6-3 (Groundball, 4)
Armando López to third
Batting: RHB Jorge Fuentes 0-0: Ball
1-0: Ball
2-0: Foul Ball, location: 2F
2-1: Foul Ball, location: 2F
2-2: Strikes out swinging
Bottom of the 4th over - 0 run(s), 1 hit(s), 0 error(s), 1 left on base; Las Vegas 8 - San Jose 4
TOP OF THE 5TH
Las Vegas Stars batting - Pitching for San Jose Missions : RHP Micheal Wood
Batting: LHB Paco Rivera 0-0: Foul Ball, location: 2F
0-1: Ball
1-1: Fly out, F8 (Flyball, 78M)
Batting: RHB Juan Valverde 0-0: Foul Ball, location: 2F
0-1: SINGLE (Groundball, 6D)
Batting: LHB Fernando De La Cruz 0-0: Called Strike
0-1: Swinging Strike
0-2: Ball
1-2: Ball
2-2: Ball
3-2: Strikes out looking
Batting: LHB Joaquín González 0-0: Ball
1-0: Foul Ball, location: 2F
1-1: Swinging Strike
1-2: Reached on error, E5 (Groundball, 56)
Juan Valverde to second
Batting: RHB Brian George 0-0: Ball
1-0: Swinging Strike
1-1: Swinging Strike
1-2: Foul Ball, location: 2F
1-2: Ball
2-2: Strikes out swinging
Top of the 5th over - 0 run(s), 1 hit(s), 1 error(s), 2 left on base; Las Vegas 8 - San Jose 4
BOTTOM OF THE 5TH
San Jose Missions batting - Pitching for Las Vegas Stars : RHP Javier Valenzuela
Pitching: LHP Ricardo Díaz
Batting: RHB Ed Starr 0-0: Ball
1-0: Foul Ball, location: 2F
1-1: Called Strike
1-2: Foul Ball, location: 2F
1-2: Ball
2-2: Foul Ball, location: 2F
2-2: Foul Ball, location: 2F
2-2: Ball
3-2: Ground out 4-3 (Groundball, 4S)
Batting: RHB Dale Taylor 0-0: Ball
1-0: Foul Ball, location: 2F
1-1: Ground out 6-3 (Groundball, 6)
Batting: RHB Bob Orr 0-0: Foul Ball, location: 2F
0-1: Swinging Strike
0-2: Ball
1-2: Strikes out swinging
Bottom of the 5th over - 0 run(s), 0 hit(s), 0 error(s), 0 left on base; Las Vegas 8 - San Jose 4
TOP OF THE 6TH
Las Vegas Stars batting - Pitching for San Jose Missions : RHP Micheal Wood
Batting: SHB Héctor Barajas 0-0: Called Strike
0-1: Ball
1-1: Ball
2-1: Ball
3-1: Base on Balls
Batting: RHB Reginaldo Jaconelli 0-0: Foul Ball, location: 2F
0-1: Ball
1-1: Called Strike
1-2: Strikes out swinging
Batting: LHB William Wolf 0-0: Ball
Throwing error on steal attempt, E2
Héctor Barajas to third
1-0: Called Strike
1-1: Called Strike
1-2: Foul Ball, location: 2F
1-2: SINGLE (Line Drive, 4MD)
Héctor Barajas scores
Batting: RHB Zack Flint 0-0: Ball
1-0: Ball
2-0: Ball
3-0: Called Strike
3-1: Base on Balls
William Wolf to second
Batting: LHB Paco Rivera 0-0: Ball
1-0: Ball
2-0: Ball
3-0: Called Strike
3-1: Swinging Strike
3-2: Foul Ball, location: 2F
3-2: Foul Ball, location: 2F
3-2: Foul Ball, location: 2F
3-2: DOUBLE (Line Drive, 8RXD)
William Wolf scores
Zack Flint to third
Pitching: RHP Mark Bidwell
Batting: RHB Juan Valverde 0-0: Ground out 6-3 (Groundball, 6)
Zack Flint scores
Batting: LHB Fernando De La Cruz 0-0: Ball
1-0: Reached on error, E5 (Groundball, 56)
Paco Rivera to third
Batting: LHB Joaquín González 0-0: Fly out, F7 (Line Drive, 78M)
Top of the 6th over - 3 run(s), 2 hit(s), 2 error(s), 2 left on base; Las Vegas 11 - San Jose 4
BOTTOM OF THE 6TH
San Jose Missions batting - Pitching for Las Vegas Stars : LHP Ricardo Díaz
Batting: LHB Miguel Montés 0-0: Ball
1-0: Foul Ball, location: 2F
1-1: Ground out 6-3 (Groundball, 6)
Batting: RHB Chang-geun Kim 0-0: SINGLE (Groundball, 6D)
Batting: RHB Armando López 0-0: Ball
1-0: Ball
2-0: Ball
3-0: Called Strike
3-1: Base on Balls
Chang-geun Kim to second
Batting: RHB Glenn Johnson 0-0: Foul Ball, location: 2F
0-1: Grounds into double play, 6-4-3 (Groundball, 56)
Bottom of the 6th over - 0 run(s), 1 hit(s), 0 error(s), 1 left on base; Las Vegas 11 - San Jose 4
TOP OF THE 7TH
Las Vegas Stars batting - Pitching for San Jose Missions : RHP Mark Bidwell
Batting: RHB Brian George 0-0: Foul Ball, location: 2F
0-1: SINGLE (Groundball, 6MD)
Batting: SHB Héctor Barajas 0-0: Ball
1-0: Ball
2-0: Foul Ball, location: 2F
2-1: Foul Ball, location: 2F
2-2: Foul Ball, location: 2F
2-2: Foul Ball, location: 2F
2-2: Ball
3-2: Base on Balls
Brian George to second
Batting: RHB Reginaldo Jaconelli 0-0: Foul Ball, location: 2F
0-1: Foul Ball, location: 2F
0-2: Foul Ball, location: 2F
0-2: Ball
1-2: SINGLE (Groundball, 6MD)
Brian George to third
Héctor Barajas to second
Batting: LHB William Wolf 0-0: SINGLE (Groundball, 34D)
Brian George scores
Héctor Barajas to third
Reginaldo Jaconelli to second
Runner from 3rd tries for Home, SAFE, throw made home
Reginaldo Jaconelli to third
William Wolf to second
Batting: RHB Zack Flint 0-0: Foul Ball, location: 2F
0-1: Ball
1-1: Foul Ball, location: 2F
1-2: Ball
2-2: Ball
3-2: Strikes out looking
Batting: LHB Paco Rivera 0-0: Foul Ball, location: 2F
0-1: Ball
1-1: Swinging Strike
1-2: Ball
2-2: Strikes out swinging
Batting: RHB Juan Valverde 0-0: Ball
1-0: Foul Ball, location: 2F
1-1: Foul Ball, location: 2F
1-2: Foul Ball, location: 2F
1-2: Ball
2-2: Ball
3-2: Fly out, F9 (Line Drive, 89D)
Top of the 7th over - 2 run(s), 3 hit(s), 0 error(s), 2 left on base; Las Vegas 13 - San Jose 4
BOTTOM OF THE 7TH
San Jose Missions batting - Pitching for Las Vegas Stars : LHP Ricardo Díaz
Now at 3B: Sloan James
Batting: LHB Wilson Vecino 0-0: Called Strike
0-1: Called Strike
0-2: Ball
1-2: Strikes out swinging
Batting: RHB Jorge Fuentes 0-0: Called Strike
0-1: Foul Ball, location: 2F
0-2: Foul Ball, location: 2F
0-2: Ball
1-2: Ball
2-2: Foul Ball, location: 2F
2-2: Ball
3-2: DOUBLE (Flyball, 89XD)
Batting: RHB Ed Starr 0-0: Called Strike
0-1: Ball
1-1: Ball
2-1: Foul Ball, location: 2F
2-2: Foul Ball, location: 2F
2-2: SINGLE (Flyball, 9S)
Jorge Fuentes to third
Runner from 3rd tries for Home, SAFE, throw made home
Ed Starr to second
Pitching: RHP Alberto Gutiérrez
Batting: RHB Dale Taylor 0-0: Called Strike
0-1: Ball
1-1: Ball
2-1: Foul Ball, location: 2F
2-2: SINGLE (Line Drive, 56)
Ed Starr to third
Batting: RHB Bob Orr 0-0: Ball
1-0: Foul Ball, location: 2F
1-1: Foul Ball, location: 2F
1-2: Ball
2-2: Foul Ball, location: 2F
2-2: Ball
3-2: Strikes out swinging
Batting: LHB Miguel Montés 0-0: Called Strike
0-1: Fielders Choice at 2nd, 6-4 (Groundball, 6)
Bottom of the 7th over - 1 run(s), 3 hit(s), 0 error(s), 1 left on base; Las Vegas 13 - San Jose 5
TOP OF THE 8TH
Las Vegas Stars batting - Pitching for San Jose Missions : RHP Mark Bidwell
Batting: LHB Fernando De La Cruz 0-0: Foul Ball, location: 2F
0-1: Foul Ball, location: 2F
0-2: Ball
1-2: Ball
2-2: Foul Ball, location: 2F
2-2: Ball
3-2: Foul Ball, location: 2F
3-2: Foul Ball, location: 2F
3-2: SINGLE (Groundball, 34D)
Batting: LHB Joaquín González 0-0: Ball
1-0: Foul Ball, location: 2F
1-1: Foul Ball, location: 2F
1-2: Ball
2-2: Grounds into double play, 4-6-3 (Groundball, 4)
Batting: RHB Brian George 0-0: Called Strike
0-1: Foul Ball, location: 2F
0-2: Ball
1-2: Ball
2-2: Foul Ball, location: 2F
2-2: Ball
3-2: Ground out 5-3 (Groundball, 56S)
Top of the 8th over - 0 run(s), 1 hit(s), 0 error(s), 0 left on base; Las Vegas 13 - San Jose 5
BOTTOM OF THE 8TH
San Jose Missions batting - Pitching for Las Vegas Stars : RHP Alberto Gutiérrez
Batting: RHB Chang-geun Kim 0-0: SOLO HOME RUN (Flyball, 89XD), Distance : 412 ft
Batting: RHB Armando López 0-0: Ball
1-0: Ground out 6-3 (Groundball, 6)
Batting: RHB Glenn Johnson 0-0: Called Strike
0-1: Ball
1-1: Foul Ball, location: 2F
1-2: Ground out 6-3 (Groundball, 6)
Batting: LHB Wilson Vecino 0-0: Called Strike
0-1: Ball
1-1: Foul Ball, location: 2F
1-2: Ball
2-2: Ball
3-2: SINGLE (Flyball, 7LS)
Batting: RHB Jorge Fuentes 0-0: Ball
1-0: Called Strike
1-1: SINGLE (Line Drive, 8LS)
Wilson Vecino to second
Runner from 2nd tries for 3rd, SAFE, no throw
Batting: RHB Ed Starr 0-0: Swinging Strike
0-1: Ball
1-1: Ground out 3-1 (Groundball, 34)
Bottom of the 8th over - 1 run(s), 3 hit(s), 0 error(s), 2 left on base; Las Vegas 13 - San Jose 6
TOP OF THE 9TH
Las Vegas Stars batting - Pitching for San Jose Missions : RHP Mark Bidwell
Pitching: RHP Rafael Ressureio
Batting: SHB Sloan James 0-0: Ball
1-0: Ball
2-0: Foul Ball, location: 2F
2-1: Ball
3-1: Swinging Strike
3-2: Base on Balls
Batting: RHB Reginaldo Jaconelli 0-0: Ball
1-0: Called Strike
1-1: Ball
2-1: Grounds into double play, 1-6-3 (Groundball, P)
Batting: LHB William Wolf 0-0: Foul Ball, location: 2F
0-1: Swinging Strike
0-2: Strikes out swinging
Top of the 9th over - 0 run(s), 0 hit(s), 0 error(s), 0 left on base; Las Vegas 13 - San Jose 6
BOTTOM OF THE 9TH
San Jose Missions batting - Pitching for Las Vegas Stars : RHP Alberto Gutiérrez
Batting: RHB Dale Taylor 0-0: Ball
1-0: SINGLE (Flyball, 9LS)
Batting: RHB Bob Orr 0-0: Ball
1-0: Ball
2-0: Called Strike
2-1: Ball
3-1: Base on Balls
Dale Taylor to second
Batting: LHB Miguel Montés 0-0: Called Strike
0-1: Ball
1-1: Called Strike
1-2: Strikes out swinging
Batting: RHB Chang-geun Kim 0-0: Fly out, F9 (Flyball, 9LM)
Batting: RHB Armando López 0-0: Ball
1-0: Ball
2-0: Foul Ball, location: 2F
2-1: DOUBLE (Line Drive, 7LM)
Dale Taylor scores
Bob Orr to third
Runner from 3rd tries for Home, SAFE, no throw
Pitching: RHP Andrés Macías
Batting: RHB Glenn Johnson 0-0: Swinging Strike
0-1: Called Strike
0-2: Ball
1-2: Foul Ball, location: 2F
1-2: Strikes out looking
Bottom of the 9th over - 2 run(s), 2 hit(s), 0 error(s), 1 left on base; Las Vegas 13 - San Jose 8
Thursday, March 30th, 2017 - OOTP Baseball 17.12 Build 75